 Dungeon Crawl Stone Soup version 0.23.2-40-g277498a001 (webtiles) character file.

Game seed: 12054568238970372754

127 Hylith the Skirmisher (level 5, -1/33 HPs)
             Began as a Gargoyle Fighter on Aug 14, 2019.
             Killed by divine providence
             ... invoked by an orc priest
              (10 damage)
             ... on level 4 of the Dungeon.
             The game lasted 00:03:55 (2088 turns).

Hylith the Skirmisher (Gargoyle Fighter)            Turns: 2088, Time: 00:03:56

Health: -1/33      AC: 16    Str: 20    XL:     5   Next: 11%
Magic:  5/5        EV:  7    Int:  9    God:
Gold:   164        SH:  9    Dex:  9    Spells: 4/4 levels left

rFire    . . .     SeeInvis .   a - +0 flail
rCold    . . .     Gourm    .   c - +0 shield
rNeg     + . .     Faith    .   b - +0 scale mail
rPois    ∞         Spirit   .   h - +2 helmet
rElec    +         Reflect  .   q - +0 cloak
rCorr    .         Harm     .   (no gloves)
MR       .....                  n - +0 pair of boots
Stlth    ..........             (no amulet)
HPRegen  0.11/turn              (no ring)
MPRegen  0.09/turn              (no ring)

@: no status effects
A: negative energy resistance 1, electricity resistance, unbreathing,
petrification resistance, rot immunity, AC +4
a: no special abilities


You were on level 4 of the Dungeon.
You were not hungry.

You visited 1 branch of the dungeon, and saw 4 of its levels.

You collected 164 gold pieces.

Inventory:

Hand Weapons
 a - a +0 flail (weapon)
Armour
 b - a +0 scale mail (worn)
 c - a +0 shield (worn)
 h - a +2 helmet (worn)
 n - a +0 pair of boots (worn)
 q - a +0 cloak (worn)
Wands
 s - a wand of paralysis (7)
Scrolls
 e - 6 scrolls of identify
 k - 2 scrolls of amnesia {unknown}
 l - 2 scrolls of teleportation {unknown}
 m - a scroll of remove curse
 p - 2 scrolls of magic mapping {unknown}
 t - a scroll of enchant weapon {unknown}
Potions
 d - a potion of might
 i - a potion of heal wounds {unknown}
 j - a potion of haste {unknown}
 o - a potion of agility {unknown}
 r - a potion of degeneration {unknown}
Comestibles
 f - 7 rations


   Skills:
 + Level 4.0 Fighting
 * Level 3.6 Maces & Flails
 + Level 4.0 Armour
 + Level 4.0 Shields


You had 4 spell levels left.
You didn't know any spells.
Your spell library contained the following spells:

 Spells                   Type           Power        Failure   Level  Hunger
 Magic Dart               Conj           #...         99%         1    ##.....
 Blink                    Tloc           N/A          100%        2    ###....
 Call Imp                 Summ           #.......     100%        2    ###....
 Slow                     Hex            #.......     100%        2    ###....
 Conjure Flame            Conj/Fire      #.......     100%        3    ####...
 Mephitic Cloud           Conj/Pois/Air  #.......     100%        3    ####...


Dungeon Overview and Level Annotations

Branches:
Dungeon (4/15)
 Temple: D:4-7

Altars:
Dithmenos
Yredelemnul


Innate Abilities, Weirdness & Mutations

You are resistant to torment.
Your stone body is resilient. (AC +4)
You are immune to poison.
You resist negative energy. (rN+)
You are resistant to electric shocks. (rElec)
You can survive without breathing.
You are immune to petrification.
You are immune to rotting.


Message History

The orc wizard hits you but does no damage.
The orc wizard gestures at you while chanting.
The magic dart hits you.
You hit the orc wizard but do no damage.
You block the orc wizard's attack.
The orc wizard hits you but does no damage.
You closely miss the orc wizard. The orc wizard casts a spell at you.
The magic dart hits you but does no damage.
The orc wizard hits you but does no damage.
You closely miss the orc wizard.
The orc wizard gestures at you while chanting.
The magic dart hits you.
* * * LOW HITPOINT WARNING * * *
You hear some strange, mumbled words.
The orc wizard points at you and mumbles some strange words.
The magic dart hits you but does no damage.
The orc priest invokes the aid of Beogh against you.
Beogh smites you!
You die...

##### #...#
. #...#
##...
###...#...#
#{........#
#o#...#...#
#o#...# ..#
#@##### .#
#.# .% #.#
.. #####.#
# #.....#
#....##
#..#.#
#..#.#
#....#


You could see an orc priest and an orc wizard.

Vanquished Creatures
  A hound (D:4)
  3 adders
  An ooze (D:2)
  A worm (D:2)
  A dart slug (D:1)
  5 orcs
  2 giant cockroaches (D:1)
  2 goblins (D:1)
  5 hobgoblins (D:1)
  7 jackals
  5 kobolds (D:1)
  A quokka (D:4)
  2 ball pythons (D:1)
  7 bats
  6 frilled lizards
  8 rats
  A spectral orc (D:2)
58 creatures vanquished.

Notes
Turn   | Place    | Note
-------+----------+-------------------------------------------
     0 | D:1      | Hylith the Gargoyle Fighter began the quest for the Orb.
     0 | D:1      | Reached XP level 1. HP: 14/14 MP: 1/1
   117 | D:1      | Reached XP level 2. HP: 19/19 MP: 2/2
   281 | D:1      | Reached XP level 3. HP: 21/23 MP: 3/3
  1228 | D:2      | Reached XP level 4. HP: 28/29 MP: 4/4
  1361 | D:2      | Found a basalt altar of Yredelemnul.
  1452 | D:3      | Found a faded altar of an unknown god.
  1552 | D:3      | Found a shadowy altar of Dithmenos.
  2040 | D:4      | Reached XP level 5. HP: 30/33 MP: 5/5
  2088 | D:4      | Killed from afar by an orc priest

Skill      XL: |  1  2  3  4  5 |
---------------+----------------+-----
Maces & Flails | 3 |  3.6
Fighting       | 4 |  4.0
Shields        | 4 |  4.0
Armour         | 4 |  4.0

Action                   |  1- 3 |  4- 6 || total
-------------------------+-------+-------++-------
Melee: Flail             |   152 |    78 ||   230
  Use: Scroll            |     2 |       ||     2
  Eat: Chunk             |     1 |     3 ||     4
Armor: Scale mail        |    84 |    82 ||   166
Dodge: Dodged            |    51 |    39 ||    90
Block: Shield            |    94 |    54 ||   148
